 Dungeon Crawl Stone Soup version 0.30.1-4-g462c640d31 (webtiles) character file.

Game seed: 12356598837702579631

71 Graphine the Ruffian (level 4, -6/36 HPs)
             Began as a Draconian Transmuter on Aug 26, 2023.
             Mangled by a gnoll
             ... wielding a +0 halberd
              (11 damage)
             ... on level 2 of the Dungeon.
             The game lasted 00:03:08 (1589 turns).

Graphine the Ruffian (Draconian Transmuter)         Turns: 1589, Time: 00:03:08

Health: -6/36      AC:  5    Str: 13    XL:     4   Next: 5%
Magic:  3/7        EV: 12    Int: 15    God:
Gold:   71         SH:  0    Dex: 11    Spells: 4/7 levels left

rFire   . . .        c - +0 dagger
rCold   . . .        (no shield)
rNeg    . . .        (body armour unavailable)
rPois   .            (helmet currently unavailable)
rElec   .            (no cloak)
rCorr   .            (no gloves)
SInv    .            (boots currently unavailable)
Will    .....        d - amulet of the acrobat
Stlth   +            (no ring)
HPRegen 0.26/turn    (no ring)
MPRegen 0.10/turn

%: acrobat
@: appendages (expiring), wereblooded
A: horns 2, talons 2, AC +5, unfitting armour, cold-blooded
a: End Transformation


You were on level 2 of the Dungeon.
You had temporarily grown beastly horns and talons.
You visited 1 branch of the dungeon, and saw 2 of its levels.

You collected 71 gold pieces.

Inventory:

Hand Weapons
 c - a +0 dagger (weapon)
Jewellery
 d - an amulet of the acrobat (around neck)
Scrolls
 e - a scroll of silence {unknown}
Potions
 a - a potion of lignification
 b - a potion of curing {unknown}
 f - a potion of might {unknown}


   Skills:
 + Level 1.9 Fighting
 + Level 2.1 Dodging
 * Level 3.5 Unarmed Combat
 + Level 2.3 Spellcasting
 * Level 2.9 Transmutations


You had 4 spell levels left.
You knew the following spells:

 Your Spells              Type           Power      Damage    Failure   Level
a - Beastly Appendage     Tmut           20%        N/A       6%          1
b - Wereblood             Tmut           10%        N/A       10%         2

Your spell library contained the following spells:

 Spells                   Type           Power      Damage    Failure   Level
 Spider Form              Tmut/Pois      6%         N/A       34%         3
 Ice Form                 Ice/Tmut       6%         N/A       75%         4


Dungeon Overview and Level Annotations

Branches:
Dungeon (2/15)

Altars:


Innate Abilities, Weirdness & Mutations

You have temporarily grown beastly horns and talons.
Your plain brown scales are hard. (AC +5)
You cannot fit into any form of body armour.
You are cold-blooded and may be slowed by cold attacks.


Message History

Casting: Beastly Appendage (safe; 6% risk of failure)
Confirm with . or Enter, or press ? or * to list all spells.
Your blood is infused with primal strength.
The gnoll shouts!
The rat twitches its whiskers.
The rat closely misses you.
You barely miss the rat. You claw the rat.
You feel a bit better.
You kill the rat!
A gnoll comes into view. It is wielding a +0 whip.
The rat twitches its whiskers.
The rat misses you.
The gnoll shouts!
You hit the rat.
You feel a bit better.
You kill the rat!
You howl as the wereblood boils in your veins!
You hear a shout!
A gnoll comes into view. It is wielding a +0 halberd.
A kobold comes into view. It is wielding a +0 dagger.
Your transformation is almost over.
The kobold shouts!
The gnoll hits you with a +0 whip.
You hit the gnoll but do no damage.
A worm comes into view.
The gnoll hits you with a +0 whip.
You hit the gnoll.
The gnoll is lightly wounded.
You hit the gnoll but do no damage.
A gnoll comes into view. It is wielding a +0 whip.
You completely miss the gnoll.
The gnoll shouts!
Your kick misses the gnoll.
You howl as the wereblood boils in your veins!
The gnoll closely misses you.
The gnoll hits you from afar with a +0 halberd!
* * * LOW HITPOINT WARNING * * *
You hit the gnoll but do no damage. The gnoll hits you with a +0 whip.
* * * LOW HITPOINT WARNING * * *
The gnoll closely misses you.
The gnoll hits you from afar with a +0 halberd!
You die...

.# ##### ##... .. .>. . .
# #†# .##.#. #
#!########w##..... ##
.................# ######.
........g@....#..# #......
.........g..##...# #.####.
#.....Kg...#.#..## #.###..
.##......##.#...## #.##..#
#.#....#/##.....###.##...
#.#.#..#.#.#..........#.##
.#.##g. # #......###......
..##... #.......# ##.#.##
.. ..............# .....#


You could see a worm, 4 gnolls and a kobold.

Vanquished Creatures
  An adder (D:2)
  A gnoll (D:1)
  2 worms (D:2)
  A dart slug (D:1)
  4 bats
  3 endoplasms
  3 giant cockroaches
  5 goblins
  6 hobgoblins
  2 kobolds
  2 quokkas (D:1)
  4 ball pythons
  4 frilled lizards
  4 rats
42 creatures vanquished.

Notes
Turn   | Place    | Note
-------+----------+-------------------------------------------
     0 | D:1      | Graphine the Draconian Transmuter began the quest for the
                  | Orb.
     0 | D:1      | Reached XP level 1. HP: 16/16 MP: 3/3
   253 | D:1      | Reached XP level 2. HP: 21/23 MP: 3/5
   260 | D:1      | Learned a level 2 spell: Wereblood
   658 | D:1      | Reached XP level 3. HP: 27/28 MP: 4/6
   940 | D:1      | Found a faded altar of an unknown god.
  1566 | D:2      | Reached XP level 4. HP: 18/36 MP: 4/7
  1589 | D:2      | Mangled by a gnoll

Illustrated notes

Levels and vault maps discovered:
D:1:      reono_arrival_forest_river, layout_basic,
          chequers_ecumenical_altar_lobes
D:2:      layout_loops_cross, minmay_misc_feat_secret_circle

Skill      XL: |  1  2 |
---------------+-------+-----
Dodging        | 2 |  2.1
Fighting       | |  1.9
Unarmed Combat | |  3.5
Spellcasting   | |  2.3
Transmutations | |  2.9

Action                     |  1- 3 |  4- 6 || total
---------------------------+-------+-------++-------
  Melee: Unarmed           |    67 |       ||    67
         Headbutt          |    15 |       ||    15
         Kick              |    19 |     1 ||    20
         Tailslap          |    17 |       ||    17
         Dagger            |    50 |     7 ||    57
   Cast: Beastly Appendage |    23 |     1 ||    24
         Wereblood         |     8 |     1 ||     9
    Use: Scroll            |     1 |       ||     1
 Armour: Skin              |    27 |       ||    27
  Dodge: Dodged            |    91 |     4 ||    95
